 Dungeon Crawl Stone Soup version 0.31-a0-977-gc230f8ef24 (webtiles) character file.

Game seed: 16019222970610991266

5374 timneilson the Ruffian (level 10, -4/68 HPs)
             Began as an Octopode Shapeshifter on Oct 29, 2023.
             Was an Initiate of Gozag.
             Slain by an orc knight
             ... wielding a +0 trident
              (25 damage)
             ... in a bailey.
             The game lasted 00:31:50 (9859 turns).

timneilson the Ruffian (Octopode Shapeshifter)      Turns: 9859, Time: 00:31:51

Health: -4/68      AC:  1    Str: 24    XL:     10   Next: 66%
Magic:  24/24      EV: 15    Int: 12    God:    Gozag
Gold:   397        SH:  5    Dex: 12    Spells: 10/16 levels left

rFire   + +          .
                       - Unarmed
rCold   . . .        (no shield)
rNeg    + . .        (helmet currently unavailable)
rPois   +            w - amulet of reflection
rElec   +            f - ring of protection from fire
rCorr   .            x - ring of Tokud {rElec rPois rC+ rN+}
SInv    +            v - ring of magical power
Will    .....        e - ring of Unugum {Fire rPois Str+6 Slay+6}
Stlth   ++++         z - ring of see invisible
HPRegen 0.31/turn    (no ring)
MPRegen 0.19/turn    (no ring)
                     (no ring)

%: reflection
@: beast-form, hasted, very quick
A: beast (slay +3), almost no armour, amphibious, 8 rings, camouflage 1,
gelatinous body 1, (nimble swimmer 1), tentacles
a: Begin Untransformation, Renounce Religion, Potion Petition, Call Merchant,
Bribe Branch


You were in a bailey.
You worshipped Gozag.
Gozag was aware of your devotion.
You were a hulking beast.
You visited 2 branches of the dungeon, and saw 11 of its levels.
You also visited: Ossuary and Bailey.

You collected 2624 gold pieces.
You spent 1430 gold pieces at shops.
You paid 797 gold pieces to Gozag.

Inventory:

Jewellery
 e - the ring of Unugum (on tentacle) {Fire rPois Str+6 Slay+6}
   (You bought it in a shop on level 5 of the Dungeon)

   [ring of fire]

   Fire:      It enhances your fire magic.
   Str+6:     It affects your strength (+6).
   Slay+6:    It affects your accuracy & damage with ranged weapons and melee
   (+6).
   rF+:       It protects you from fire.
   rC-:       It makes you vulnerable to cold.
   rPois:     It protects you from poison
 f - a ring of protection from fire (left tentacle)
 v - a ring of magical power (on tentacle)
 w - an amulet of reflection (around mantle)
 x - the ring of Tokud (right tentacle) {rElec rPois rC+ rN+}
   (You bought it in a shop on level 5 of the Dungeon)

   [ring of positive energy]

   rC+:       It protects you from cold.
   rElec:     It insulates you from electricity.
   rPois:     It protects you from poison rN+: It protects you from negative
   energy.
 z - a ring of see invisible (on tentacle)
Talismans
 b - a beast talisman
 c - a flux talisman
Wands
 k - a wand of flame (40)
 B - a wand of paralysis (7)
Scrolls
 d - 3 scrolls of teleportation
 h - 3 scrolls of noise
 i - 2 scrolls of enchant weapon
 j - 7 scrolls of immolation
 l - 2 scrolls of identify
 m - a scroll of poison
 s - 2 scrolls of enchant armour
 t - 2 scrolls of fog
 y - a scroll of revelation
Potions
 a - a potion of brilliance
 g - a potion of berserk rage
 n - 4 potions of magic
 o - a potion of attraction
 p - a potion of lignification
 q - 4 potions of mutation
 r - 3 potions of curing
 u - 2 potions of invisibility
 D - 2 potions of resistance


   Skills:
 * Level 6.0 Fighting
 * Level 6.2 Dodging
 + Level 6.3 Stealth
 * Level 6.7 Unarmed Combat
 + Level 3.7 Spellcasting
 + Level 3.9 Conjurations
 + Level 3.1 Translocations
 + Level 3.8 Air Magic
 + Level 3.3 Evocations
 * Level 6.3 Shapeshifting


You had 10 spell levels left.
You knew the following spells:

 Your Spells              Type           Power      Damage    Failure   Level
a - Shock                 Conj/Air       44%        1d5       4%          1
b - Swiftness             Air            11%        N/A       14%         3
c - Lesser Beckoning      Tloc           18%        N/A       10%         2

Your spell library contained the following spells:

 Spells                   Type           Power      Damage    Failure   Level
 Kiss of Death            Conj/Necr      28%        2d7       10%         1
 Gell's Gravitas          Tloc           9%         N/A       19%         3
 Teleport Other           Tloc           9%         N/A       19%         3
 Freeze                   Ice            8%         1d3       22%         1
 Hailstorm                Conj/Ice       7%         3d4       30%         3
 Airstrike                Air            5%         2d(1-17)  43%         4
 Passage of Golubria      Tloc           9%         N/A       52%         4
 Confusing Touch          Hex            2%         N/A       56%         3
 Frozen Ramparts          Ice            4%         1d1       56%         3
 Tukima's Dance           Hex            2%         N/A       56%         3
 Dispel Undead            Necr           2%         3d7       92%         4
 Yara's Violent Unravell  Hex/Tmut       1%         3d3       99%         5


Dungeon Overview and Level Annotations

Branches:
Dungeon (10/15)            Temple (1/1) D:6         Ossuary (visited)
 Bailey (1/1)
   Lair: D:8-11         Orc: D:9-12

Altars:
Ashenzari
Cheibriados
Dithmenos
Elyvilon
Fedhas
Gozag
Hepliaklqana
Kikubaaqudgha
Makhleb
Nemelex Xobeh
Okawaru
Qazlal
Ru
Sif Muna
Trog
Uskayaw
Vehumet
Wu Jian
Xom
Yredelemnul
Zin
The Shining One

Shops:
D:5 =   D:6 *   D:7 (?**   D:8 ***=

Annotations:
D:2 1 runed translucent door, Crazy Yiuf


Innate Abilities, Weirdness & Mutations

You are a hulking beast.
Your limbs bulge with bestial killing power. (Slay +3)
You cannot wear most types of armour.
You are amphibious.
You can wear up to eight rings at the same time.
Your skin changes colour to match your surroundings (Stealth+).
Your rubbery body absorbs attacks. (AC +1, EV +1)
((You are camouflaged when in or above water. (Stealth+)))
You have tentacles for arms and can constrict up to eight enemies at once.


Message History

You squeeze the orc knight.
The orc knight is severely wounded.
You constrict the orc knight, but do no damage.
You bludgeon the orc knight! You squeeze the orc knight!
You kill the orc knight!
Your Fighting skill increases to level 6!
You now have 388 gold pieces (gained 8).
Things that are here:
a +0 halberd; a +0 chain mail; a +0 war axe You now have 397 gold pieces (gained 9).
Things that are here:
a +0 hand axe; a +0 halberd
Items here: )) [[.
You start resting.
Your extra speed is starting to run out.
You start resting.
You feel yourself slow down.
You start resting.
An orc knight comes into view. It is wielding a +0 trident.
You feel yourself speed up.
The orc knight shouts!
The orc knight hits you with a +0 trident!!
You closely miss the orc knight. You grab the orc knight.
You squeeze the orc knight!
The orc knight is moderately wounded.
You constrict the orc knight, but do no damage.
You bludgeon the orc knight!
The orc knight is heavily wounded.
You constrict the orc knight, but do no damage.
The orc knight hits you with a +0 trident.
You tentacle-slap the orc knight but do no damage.
You tentacle-slap the orc knight.
The orc knight is heavily wounded.
You constrict the orc knight. You bludgeon the orc knight!
You squeeze the orc knight!
The orc knight is almost dead.
You constrict the orc knight, but do no damage.
The orc knight hits you with a +0 trident!!
You die...
Your body crumbles into a pile of gold.

#######
##..∩..##
#.......#
#∩.....∩#
#.......#
#.......#
#..#.#h.#
#.##8##o#
#..#.#))#
#....)))#
#....[[)#
#.......#
##.....##
###'###
#...#


You could see an orc knight.

Vanquished Creatures
  2 orc knights (Bailey)
  A gargoyle (D:9)
  Grinder (D:3)
  A vampire (D:10)
  Edmund (D:5)
  5 water moccasins
  4 black bears
  5 orc warriors
  4 centaurs
  An ogre (D:7)
  A kobold brigand (D:9)
  2 bullfrogs
  3 wights (D:7)
  12 killer bees
  2 howler monkeys (D:9)
  An electric eel (D:7)
  A centaur zombie (Ossuary)
  A human zombie (Ossuary)
  A hound (D:7)
  2 jellies
  3 orc priests
  A sleepcap (D:8)
  2 iguanas
  13 orc wizards
  4 mummies (Ossuary)
  4 gnolls
  11 adders
  2 shadow imps
  3 worms
  6 dart slugs
  40 orcs
  6 bats
  13 endoplasms
  3 giant cockroaches
  8 hobgoblins
  15 jackals
  19 kobolds
  3 quokkas
  6 ball pythons
  4 frilled lizards
  A gnoll zombie (Ossuary)
  14 goblins
  2 goblin zombies (Ossuary)
  3 hobgoblin zombies (Ossuary)
  5 rats
242 creatures vanquished.

Notes
Turn   | Place    | Note
-------+----------+-------------------------------------------
     0 | D:1      | timneilson the Octopode Shapeshifter began the quest for
                  | the Orb.
     0 | D:1      | Reached XP level 1. HP: 13/13 MP: 1/1
    41 | D:1      | Reached XP level 2. HP: 18/18 MP: 2/2
   134 | D:1      | Reached XP level 3. HP: 22/23 MP: 1/3
   135 | D:1      | Reached skill level 1 in Stealth
   883 | D:2      | Found a runed translucent door.
   884 | D:2      | Noticed Crazy Yiuf
   925 | D:2      | Reached XP level 4. HP: 29/29 MP: 3/5
   975 | D:2      | Learned a level 1 spell: Shock
  1118 | D:2      | You fall into a shaft and drop 2 floors!
  1137 | D:4      | Reached skill level 1 in Spellcasting
  1140 | D:4      | Reached XP level 5. HP: 25/34 MP: 3/6
  1171 | D:4      | Found a shadowy altar of Dithmenos.
  1392 | D:4      | Reached skill level 1 in Conjurations
  1392 | D:4      | Reached XP level 6. HP: 38/41 MP: 7/7
  1397 | D:4      | Found a sand-covered staircase.
  1402 | Ossuary  | Entered an ossuary
  1432 | Ossuary  | Reached skill level 1 in Air Magic
  1781 | Ossuary  | Identified a scroll of acquirement
  1781 | Ossuary  | Acquired 1272 gold pieces
  1847 | D:3      | Noticed Grinder
  1860 | D:3      | Killed Grinder
  1861 | D:3      | Reached XP level 7. HP: 34/46 MP: 0/9
  2103 | D:2      | Learned a level 3 spell: Swiftness
  3496 | D:4      | Learned a level 2 spell: Lesser Beckoning
  3688 | D:5      | Entered Level 5 of the Dungeon
  3724 | D:5      | Noticed Edmund
  3736 | D:5      | Reached XP level 8. HP: 42/52 MP: 8/11
  3887 | D:5      | Found a hide-covered altar of Uskayaw.
  3888 | D:5      | Found an opulent altar of Gozag.
  3905 | D:5      | Became a worshipper of Gozag Ym Sagoz the Greedy
  3919 | D:5      | Bought the ring of Tokud {rElec rPois rC+ rN+} for 542 gold
                  | pieces
  4319 | D:5      | Killed Edmund
  4443 | D:5      | Found the +1 Delatra's gloves {ID++}
  4626 | D:6      | Found Ymu Korch's Assorted Antiques.
  4741 | D:6      | Reached skill level 5 in Unarmed Combat
  4741 | D:6      | Reached skill level 1 in Translocations
  4891 | D:6      | Reached skill level 1 in Evocations
  4903 | D:6      | Reached skill level 5 in Shapeshifting
  5186 | D:6      | Found a staircase to the Ecumenical Temple.
  5192 | Temple   | Entered the Ecumenical Temple
  5218 | D:6      | Found a bloodstained altar of Trog.
  5225 | D:6      | Reached XP level 9. HP: 45/59 MP: 12/12
  5549 | D:7      | Found Hula's Assorted Antiques.
  5643 | D:7      | Reached skill level 5 in Dodging
  5938 | D:7      | Found Tiepadi's Magic Scroll Shoppe.
  5964 | D:7      | Found Plog's General Store.
  5973 | D:7      | Found a stormy altar of Qazlal.
  5992 | D:7      | Reached skill level 5 in Stealth
  6327 | D:7      | Found Tyzizeyff's Antique Weapon Shoppe.
  6651 | D:8      | Found Sisoif's Jewellery Shoppe.
  6738 | D:8      | Reached skill level 5 in Fighting
  6820 | D:8      | Found Isovve's General Store.
  7257 | D:8      | Found Wiohu's Serpentskin Sales.
  7388 | D:8      | Found a radiant altar of Vehumet.
  7426 | D:8      | Found Voxeof's Assorted Antiques.
  7923 | D:9      | Found a blossoming altar of Fedhas.
  8089 | D:5      | Bought the ring of Unugum {Fire rPois Str+6 Slay+6} for 888
                  | gold pieces
  8165 | D:9      | Found an iron altar of Okawaru.
  8168 | D:9      | Noticed a gargoyle
  8177 | D:9      | Killed a gargoyle
  8178 | D:9      | Reached XP level 10. HP: 27/66 MP: 15/15
  8980 | D:10     | Entered Level 10 of the Dungeon
  9118 | D:10     | Found a flagged portal.
  9259 | Bailey   | Entered a bailey
  9607 | Bailey   | Noticed an orc knight
  9607 | Bailey   | Noticed an orc knight
  9648 | Bailey   | Killed an orc knight
  9702 | Bailey   | Killed an orc knight
  9854 | Bailey   | Noticed an orc knight
  9859 | Bailey   | Slain by an orc knight

Illustrated notes

Levels and vault maps discovered:
D:1:      elethiomel_arrival_quiet, layout_loops_ring
D:2:      minmay_recursive_quarters, layout_loops_ring, uniq_crazy_yiuf_cottage
D:3:      kennysheep_the_goblin_king, layout_basic, uniq_grinder
D:4:      layout_loops_corners, nicolae_dithmenos_through_a_glass_darkly,
          enter_ossuary_2
D:5:      layout_basic, nicolae_overflow_squiral, st_stairs_12, uniq_edmund
D:6:      layout_cave_pools, trog_ov_bears_minmay,
          minmay_temple_entry_enclosed_plants, serial_shops, shop
D:7:      layout_basic, lemuel_tele_altar, serial_shops, shop,
          nicolae_shop_hallway_stairs, nicolae_shop_rolled_up,
          nicolae_shop_just_a_little_nook, minmay_crystal_water
D:8:      layout_basic, kennysheep_mini, serial_shops,
          nicolae_shop_hallway_stairs, shop, nicolae_shop_gaudy_bauble,
          minmay_misc_feat_ornament, fungi_pond_lemuel, guppyfry_shop_venom
D:9:      layout_layer_cave, mainiacjoe_overflow_small_starburst, fedhas_altar_1
D:10:     layout_loops_ring, enter_bailey_5, minmay_librarian, uniq_joseph
Temple:   nicolae_temple_superstar
Bailey:   bailey_polearm_5, bailey

Skill      XL: |  1  2  3  4  5  6  7  8  9 10 |
---------------+-------------------------------+-----
Stealth        | 1 2 3 4 5 6 |  6.3
Fighting       | 2 3 4 5 6 |  6.0
Spellcasting   | 1 2 3 |  3.7
Dodging        | 3 4 5 6 |  6.2
Conjurations   | 1 2 3 |  3.9
Air Magic      | 1 2 3 |  3.8
Unarmed Combat | 4 5 6 |  6.7
Shapeshifting  | 4 5 6 |  6.3
Translocations | 1 2 3 |  3.1
Evocations     | 1 2 3 |  3.3

Action                     |  1- 3 |  4- 6 |  7- 9 | 10-12 || total
---------------------------+-------+-------+-------+-------++-------
  Melee: Unarmed           |    61 |    79 |   300 |    80 ||   520
         Constrict         |    15 |    19 |    75 |    18 ||   127
         Tentacles         |    10 |    23 |    80 |    22 ||   135
         Punch             |     2 |     2 |    18 |     6 ||    28
 Invoke: Call Merchant     |       |       |     1 |       ||     1
    Use: Scroll            |     1 |    10 |     8 |     2 ||    21
         Potion            |       |     6 |     6 |     5 ||    17
   Stab: Sleeping          |     9 |     5 |    17 |     2 ||    33
         Distracted        |       |       |     1 |       ||     1
         Invisible         |       |       |       |     1 ||     1
 Armour: Skin              |    19 |    41 |   135 |    47 ||   242
  Dodge: Dodged            |    22 |    37 |   183 |    49 ||   291
  Block: Other             |       |       |    49 |    12 ||    61
         Reflection        |       |       |     3 |       ||     3

Table legend: (Time is in decaauts)
 A = Elapsed time spent in this place.
 B = Non-inter-level travel time spent in this place.
 C = Inter-level travel time spent in this place.
 D = Time resting spent in this place.
 E = Time spent auto-exploring this place.
 F = Levels seen in this place.
 G = Mean time per level.
                   A        B        C        D        E       F      G
               +--------+--------+--------+--------+--------+-----+--------+
         Total |   9775 |   9414 |    361 |   1317 |   4767 |  13 |  751.9 |
       Dungeon |   8799 |   8438 |    361 |    846 |   4722 |  10 |  879.9 |
        Temple |      1 |      1 |      0 |      0 |      0 |   1 |    1.0 |
       Ossuary |    399 |    399 |      0 |    151 |     45 |   1 |  399.0 |
        Bailey |    574 |    574 |      0 |    320 |      0 |   1 |  574.0 |
               +--------+--------+--------+--------+--------+-----+--------+

Top non-repeatable levels by time:
     D:8: 1300 daAuts
     D:7: 1230 daAuts
     D:9: 1016 daAuts
     D:5: 941 daAuts
     D:2: 928 daAuts
     D:4: 916 daAuts
     D:6: 764 daAuts
     D:1: 750 daAuts
     D:3: 674 daAuts
  Bailey: 574 daAuts
 Ossuary: 399 daAuts
    D:10: 275 daAuts
  Temple: 1 daAuts
